 Dungeon Crawl Stone Soup version 0.24.1-4-ge52af88ad5 (webtiles) character file.

Game seed: 9866630496788027739, levelgen mode: deterministic

322018 MajorAdolf the Severer (level 21, -19/298 HPs)
             Began as a Naga Wanderer on Apr 13, 2020.
             Was an Initiate of Gozag.
             Killed by the air
             ... invoked by a titan
              (35 damage)
             ... on level 5 of the Vaults.
             The game lasted 01:58:43 (50632 turns).

MajorAdolf the Severer (Naga Wanderer)             Turns: 50632, Time: 01:58:44

Health: -19/298    AC: 44    Str: 37    XL:     21   Next: 54%
Magic:  32/32      EV: 16    Int: 16    God:    Gozag
Gold:   715        SH: 27    Dex: 11    Spells: 22/22 levels left

rFire    + + .     SeeInvis +   T - +9 broad axe (protect)
rCold    + + .     Gourm    .   Y - +1 large shield {rN+}
rNeg     + . .     Faith    .   E - +5 chain mail of Rafaot {rCorr Str+4 Int+4 Dex-3}
rPois    +         Spirit   .   H - +2 helmet {SInv}
rElec    +         Reflect  +   h - +0 cloak {+Inv}
rCorr    +         Harm     .   N - +2 pair of gloves {Str+3}
MR       ++...                  g - +1 naga barding
Stlth    ..........             B - +5 amulet of reflection
HPRegen  0.59/turn              y - ring of protection from cold
MPRegen  0.23/turn              v - ring of protection from fire

@: mighty, agile, berserking, resistant, marked, gold aura, protection aura,
very slightly contaminated, invisible, quick
A: large, see invisible, clumsy 1, deformed body, poison resistance, screaming
1, slowness 2, slow metabolism 1, spit poison 1, constrict 1, sturdy frame 1, AC
+7
}: 2/15 runes: barnacled, gossamer
a: Spit Poison, Potion Petition, Call Merchant, Bribe Branch, Renounce Religion


You were on level 5 of the Vaults.
You worshipped Gozag.
Gozag was pleased with you.
You were not hungry.

You visited 7 branches of the dungeon, and saw 37 of its levels.
You visited 1 bazaar.
You also visited: Volcano.

You collected 17428 gold pieces.
You spent 5487 gold pieces at shops.
You paid 11226 gold pieces to Gozag.

Inventory:

Hand Weapons
 o - a +1 broad axe of chopping
 T - a +9 broad axe of protection (weapon)
Missiles
 i - 277 arrows
Armour
 g - a +1 naga barding (worn)
 h - a +0 cloak of invisibility (worn)
 E - the +5 chain mail of Rafaot (worn) {rCorr Str+4 Int+4 Dex-3}
   (You bought it in a shop on level 10 of the Dungeon)

   It affects your strength (+4).
   It affects your intelligence (+4).
   It affects your dexterity (-3).
   It provides partial protection from all sources of acid and corrosion.
 H - a +2 helmet of see invisible (worn)
 M - a +2 pair of gloves of archery
 N - a +2 pair of gloves of strength (worn)
 O - a scarf of spirit shield
 Y - a +1 large shield of positive energy (worn)
Jewellery
 a - a +2 ring of protection
 b - an uncursed ring of positive energy
 n - an uncursed ring of protection from fire
 p - an uncursed amulet of regeneration
 v - a ring of protection from fire (right hand)
 y - a ring of protection from cold (left hand)
 B - a +5 amulet of reflection (around neck)
 L - the amulet "Diuqaic" {RegenMP rPois}
   (You took it off a frost giant on level 5 of the Vaults)

   [amulet of magic regeneration]

   It increases your magic regeneration.
   It protects you from poison.
 S - an uncursed ring of flight
Wands
 j - a wand of polymorph (10)
 l - a wand of scattershot (14)
 q - a wand of iceblast (36)
 z - a wand of digging (24)
 G - a wand of enslavement (12)
 I - a wand of disintegration (21)
 J - a wand of acid (12)
 U - a wand of clouds (8)
 W - a wand of paralysis (13)
Scrolls
 e - 3 scrolls of holy word
 k - a scroll of fear
 s - 8 scrolls of fog
 t - 18 scrolls of remove curse
 A - a scroll of blinking
 P - 3 scrolls of enchant weapon
 Q - 4 scrolls of magic mapping
 V - 17 scrolls of identify
Potions
 c - 5 potions of might
 d - 2 potions of mutation
 m - 9 potions of curing
 u - 8 potions of flight
 w - a potion of haste
 x - 2 potions of resistance
 C - a potion of cancellation
 D - 4 potions of invisibility
 F - 2 potions of berserk rage
 K - a potion of magic
 X - 3 potions of agility
Miscellaneous
 r - a box of beasts
Comestibles
 f - 38 rations


   Skills:
 + Level 14.6 Fighting
 + Level 16.8 Axes
   Level 1.0 Bows
 + Level 13.6 Armour
 + Level 13.4 Dodging
 - Level 3.0 Stealth
 + Level 12.2 Shields
 - Level 1.0 Spellcasting
   Level 2.0 Ice Magic
   Level 2.0 Earth Magic
 + Level 15.5 Evocations


You had 22 spell levels left.
You didn't know any spells.
Your spell library contained the following spells:

 Spells                   Type           Power        Failure   Level  Hunger
 Animate Skeleton         Necr           N/A          65%         1    ##.....
 Apportation              Tloc           #.....       65%         1    ##.....
 Confusing Touch          Hex            #.....       65%         1    ##.....
 Corona                   Hex            #......      65%         1    ##.....
 Flame Tongue             Conj/Fire      #....        65%         1    ##.....
 Magic Dart               Conj           #...         65%         1    ##.....
 Summon Butterflies       Summ           #.......     65%         1    ##.....
 Summon Small Mammal      Summ           #...         65%         1    ##.....
 Ensorcelled Hibernation  Hex/Ice        #.....       65%         2    ###....
 Passwall                 Tmut/Erth      #.......     65%         2    ###....
 Blink                    Tloc           N/A          78%         2    ###....
 Call Imp                 Summ           #.......     78%         2    ###....
 Poisonous Vapours        Pois/Air       #.....       78%         2    ###....
 Searing Ray              Conj           #.....       78%         2    ###....
 Slow                     Hex            #.......     78%         2    ###....
 Swiftness                Chrm/Air       #.......     78%         2    ###....
 Call Canine Familiar     Summ           #.......     95%         3    ####...
 Confuse                  Hex            #.......     95%         3    ####...
 Conjure Flame            Conj/Fire      #.......     95%         3    ####...
 Dazzling Spray           Conj/Hex       #.....       95%         3    ####...
 Mephitic Cloud           Conj/Pois/Air  #.......     95%         3    ####...
 Recall                   Summ/Tloc      N/A          95%         3    ####...
 Tukima's Dance           Hex            #.......     95%         3    ####...
 Summon Ice Beast         Ice/Summ       #.......     99%         4    #####..
 Animate Dead             Necr           N/A          100%        4    #####..
 Cause Fear               Hex            #.........   100%        4    #####..
 Force Lance              Conj/Tloc      #.......     100%        4    #####..
 Fulminant Prism          Conj/Hex       #.........   100%        4    #####..
 Iskenderun's Mystic Bla  Conj           #.......     100%        4    #####..
 Passage of Golubria      Tloc           N/A          100%        4    #####..
 Summon Lightning Spire   Summ/Air       #.......     100%        4    #####..
 Aura of Abjuration       Summ           #.........   100%        5    ######.
 Bolt of Magma            Conj/Fire/Erth #.........   100%        5    ######.
 Borgnjor's Vile Clutch   Necr/Erth      #.........   100%        5    ######.
 Iskenderun's Battlesphe  Conj/Chrm      #.......     100%        5    ######.
 Lee's Rapid Deconstruct  Erth           #.........   100%        5    ######.
 Silence                  Hex/Air        #.........   100%        5    ######.
 Summon Demon             Summ           #.........   100%        5    ######.
 Summon Forest            Summ/Tloc      #.........   100%        5    ######.
 Summon Mana Viper        Hex/Summ       #.......     100%        5    ######.
 Venom Bolt               Conj/Pois      #.........   100%        5    ######.
 Bolt of Fire             Conj/Fire      #.........   100%        6    #######
 Conjure Ball Lightning   Conj/Air       #.........   100%        6    #######
 Darkness                 Hex            #.........   100%        6    #######
 Death Channel            Necr           #.........   100%        6    #######
 Deflect Missiles         Chrm/Air       #.........   100%        6    #######
 Freezing Cloud           Conj/Ice/Air   #.........   100%        6    #######
 Invisibility             Hex            #.......     100%        6    #######
 Iron Shot                Conj/Erth      #.........   100%        6    #######
 Shadow Creatures         Summ           N/A          100%        6    #######
 Simulacrum               Ice/Necr       #.........   100%        6    #######
 Dragon Form              Tmut           #.........   100%        7    #######
 Orb of Destruction       Conj           #.........   100%        7    #######
 Ring of Flames           Chrm/Fire      #.........   100%        7    #######
 Spellforged Servitor     Conj/Summ      #.........   100%        7    #######
 Summon Hydra             Summ           #.........   100%        7    #######
 Dragon's Call            Summ           #.........   100%        9    #######
 Tornado                  Air            #.........   100%        9    #######


Dungeon Overview and Level Annotations

Branches:
Dungeon (15/15)            Temple (1/1) D:4            Lair (6/6) D:9
 Shoals (4/4) Lair:2       Spider (4/4) Lair:4        Slime (0/5) Lair:6
    Orc (2/2) D:12            Elf (0/3) Orc:2        Vaults (5/5) D:13
  Crypt (0/3) Vaults:2     Depths (0/5) D:15        Volcano (visited)

Altars:
Ashenzari
Cheibriados
Dithmenos
Elyvilon
Fedhas
Gozag
Hepliaklqana
Kikubaaqudgha
Makhleb
Nemelex Xobeh
Okawaru
Qazlal
Ru
Sif Muna
Trog
Uskayaw
Vehumet
Wu Jian
Xom
Yredelemnul
Zin
The Shining One
Beogh

Shops:
D:7 **   D:10 [*   D:15 *?   Orc:2 *(!=*   Lair:6 *}?   Spider:4 [   Vaults:1 *
Vaults:3 [   Vaults:4 *[%!

Annotations:
D:5 3 runed translucent doors, LifeIsToil's ghost, novice DrAE
D:11 1 runed translucent door, Guistof's ghost, journeyman HOFi
D:12 3 runed translucent doors, Jaiteiro's ghost, journeyman MiFi; Tinen's ghost, journeyman TrMo
Spider:1 2 runed translucent doors, VLARC's ghost, adept VSBe
Orc:1 2 transporters
Orc:2 3 runed translucent doors, exclusion: obsidian statue, squigot's ghost, journeyman MiBe
Vaults:4 3 runed translucent doors, SpeedRobin's ghost, adept DDFi


Innate Abilities, Weirdness & Mutations

You cannot wear boots.
Your serpentine skin is tough. (AC +7)
You have supernaturally acute eyesight. (SInv)
Armour fits poorly on your strangely shaped body.
Your system is resistant to poisons. (rPois)
You cover ground very slowly.
You have a slow metabolism.
You can spit poison.
You can use your snake-like lower body to constrict enemies.
You are clumsy. (Dex -2)
You occasionally shout uncontrollably at your foes.
Your movements are slightly less encumbered by armour. (ER -2)


Message History

The deep elf elementalist shouts!
The golden dragon roars deafeningly!
The vault sentinel shouts!
You hit the golden dragon but do no damage.
The golden dragon is no longer distracted by gold.
You slice the vault warden!!
The stone giant becomes distracted by the nearby gold, dreaming of imaginary riches.
The giant cockroach becomes distracted by the nearby gold, dreaming of imaginary riches.
The stone giant shouts!
You slash the golden dragon!
The golden dragon is lightly wounded.
The vault warden blocks your attack.
The two-headed ogre is no longer distracted by gold.
The vault warden barely misses you.
The golden dragon completely misses you.
The golden dragon claws you but does no damage.
The golden dragon tramples you but does no damage.
The titan waves its arms in wide circles.
The air twists around and strikes you!!
You die...
Your body crumbles into a pile of gold.

#..#..$$$###
#..#...$##
#..#....#
#..#...##
#..#..O# ..
#..#...#...
#..#...#...
#..#.O....#
#$@#.O....
#p$DOp.... $
#.s.(#######
#..$$ce..e(.
#W.(CeCp....
#..$$.CC....
#..p$.......
#...(#######
#.....


You could see an ironheart preserver, a titan, a golden dragon, 2 stone giants,
a vault warden, a yaktaur captain, an ettin, a deep elf elementalist, a
two-headed ogre, a vault sentinel, a deep elf high priest, a phantasmal warrior,
a necromancer and a giant cockroach shaped shifter.

Vanquished Creatures
  A golden dragon (Vaults:5)
  2 titans (Vaults:5)
  A quicksilver dragon (Vaults:5)
  A kraken (Shoals:1)
  Polyphemus (Shoals:4)
  3 sphinxes
  2 shadow dragons (Vaults:5)
  A tengu reaver (Vaults:1)
  Roxanne (Spider:2)
  2 storm dragons (Vaults:5)
  3 fire giants
  Ilsuiw (Shoals:4)
  3 ghost moths (Spider:4)
  13 vault wardens
  4 emperor scorpions
  2 frost giants (Vaults:5)
  12 ironheart preservers
  5 very ugly things
  5 stone giants
  An entropy weaver (Spider:1)
  An entropy weaver (shapeshifter) (Vaults:3)
  2 deep elf demonologists
  5 dire elephants (Lair:6)
  3 spark wasps
  6 ettins
  5 merfolk javelineers (Shoals:4)
  A deep elf death mage (Vaults:3)
  4 fire dragons
  11 yaktaur captains
  9 merfolk impalers (Shoals:4)
  2 great orbs of eyes
  A rakshasa (D:15)
  29 vault guards
  8 hydras
  3 ice dragons
  An anaconda (Lair:6)
  6 death knights
  6 ogre magi
  3 catoblepae
  4 centaur warriors
  3 merfolk avatars
  17 two-headed ogres
  3 satyrs
  2 merfolk aquamancers
  A tengu warrior (D:15)
  A deep troll shaman (Vaults:4)
  4 death yaks (Shoals:4)
  A hell knight (Volcano)
  Urug (Lair:5)
  5 orc high priests
  4 deep elf knights
  A deep troll earth mage (Vaults:5)
  A sea snake (shapeshifter) (D:14)
  A shadow wraith (Vaults:3)
  4 skeletal warriors
  A fire crab (shapeshifter) (Vaults:4)
  A death drake (shapeshifter) (D:15)
  7 deep trolls
  4 unseen horrors
  11 sea snakes
  3 flayed ghosts
  4 deep elf archers
  A lindwurm (Lair:6)
  A kraken simulacrum (Shoals:4)
  3 phantasmal warriors
  9 ironbrand convokers
  2 wizards
  An orange crystal statue (Vaults:4)
  9 harpies
  17 orc knights
  9 deep elf magi
  8 orc sorcerers
  15 ugly things
  13 orb spiders
  A necromancer (Vaults:1)
  21 wolf spiders
  4 cyclopes
  An oklob plant (D:10)
  8 fauns
  A wolf spider (shapeshifter) (Vaults:5)
  11 manticores
  2 moths of wrath (shapeshifter)
  A cyclops (shapeshifter) (Vaults:3)
  5 elephants (Lair:6)
  7 merfolk sirens
  2 moths of wrath
  15 vault sentinels
  A torpor snail (Spider:1)
  5 spiny frogs
  8 water nymphs
  7 black mambas
  Maurice (Orc:2)
  A smoke demon (Volcano)
  2 gargoyles
  6 komodo dragons
  11 yaktaurs
  13 demonic crawlers
  2 yaktaurs (shapeshifter) (Vaults:1)
  A human zombie (Vaults:1)
  4 rime drakes
  An efreet (D:13)
  3 red devils (Volcano)
  7 freezing wraiths
  3 tengu conjurers (D:15)
  A queen bee (Spider:2)
  A troll (shapeshifter) (Vaults:3)
  21 merfolk
  6 trolls
  6 meliai
  A meliai (shapeshifter) (D:15)
  A harpy zombie (D:15)
  39 jumping spiders
  14 hornets
  35 slime creatures
  Prince Ribbit (D:9)
  A hornet (shapeshifter) (Vaults:3)
  13 snapping turtles
  9 wind drakes
  16 blink frogs
  Grinder (D:4)
  22 dream sheep
  14 hippogriffs
  A frost giant simulacrum (Vaults:3)
  Sigmund (D:4)
  A spriggan (shapeshifter) (D:15)
  2 shadows
  A centaur simulacrum (D:15)
  7 wraiths
  72 redbacks
  2 tarantellas (shapeshifter)
  26 tarantellas
  25 yaks
  2 elf zombies (Vaults:1)
  6 fire bats (Volcano)
  13 water elementals
  2 basilisks
  5 steam dragons
  11 humans
  4 vampire mosquitoes
  7 wargs
  An acid dragon (D:9)
  A soldier ant (D:11)
  7 water moccasins
  A hell hound (Volcano)
  8 porcupines
  2 ice beasts
  33 orc warriors
  A sky beast (D:12)
  An eye of draining (D:9)
  An eye of draining (shapeshifter) (Vaults:1)
  15 ogres
  3 phantoms
  An orc zombie (Vaults:1)
  14 boggarts
  A necrophage (D:7)
  2 wolves (Vaults:3)
  15 centaurs
  9 crocodiles
  2 big kobolds
  19 bullfrogs
  A wyvern zombie (D:8)
  3 scorpions
  27 killer bees
  10 howler monkeys
  9 wights
  5 electric eels
  11 crimson imps
  3 human simulacra
  7 lava snakes (Volcano)
  A bullfrog zombie (D:9)
  2 centaur zombies (D:12)
  23 orc priests
  A bullfrog skeleton (D:13)
  A gnoll shaman (D:6)
  7 jellies
  A quasit (D:14)
  4 hounds
  An iguana (D:6)
  5 centaur skeletons
  32 orc wizards
  9 worker ants
  A hound skeleton (D:5)
  13 adders
  6 gnolls
  9 shadow imps
  2 adder zombies
  A worm (D:4)
  2 dart slugs (D:1)
  3 leopard geckos
  113 orcs
  2 ball pythons
  4 bats
  2 giant cockroaches
  3 goblins
  4 hobgoblins
  3 jackals (D:6)
  2 quokkas
  A frilled lizard (D:1)
  14 kobolds
  A quokka skeleton (D:8)
  6 rats
  8 fungi
  4 plants
  6 tentacles (Shoals:1)
1397 creatures vanquished.

Vanquished Creatures (others)
  A golden dragon (Vaults:5)
  A vault warden (Vaults:5)
  2 yaktaur captains
  A merfolk impaler (Shoals:1)
  2 centaur warriors
  A satyr (Shoals:4)
  A dancing weapon (Vaults:5)
  2 deep elf magi (Vaults:1)
  2 fauns
  A manticore (shapeshifter) (Vaults:5)
  A cyclops (D:14)
  4 yaktaurs
  A merfolk (Shoals:1)
  A slime creature (Vaults:1)
  A human (D:13)
  9 centaurs
  An ogre (Vaults:5)
  2 orc wizards (Orc:2)
  2 orcs (D:9)
  16 fungi
  11 plants
  11 tentacles
  6 withered plants (D:12)
80 creatures vanquished.

Grand Total: 1477 creatures vanquished

Notes
Turn   | Place    | Note
-------+----------+-------------------------------------------
     0 | D:1      | MajorAdolf the Naga Wanderer began the quest for the Orb.
     0 | D:1      | MajorAdolf set off with the following items: a +2 shortbow,
                  | 26 arrows, 2 potions of lignification, a +0 robe, a +0
                  | dagger, a ration
     0 | D:1      | Reached XP level 1. HP: 15/15 MP: 2/2
   558 | D:1      | Reached XP level 2. HP: 8/22 MP: 3/3
  1065 | D:1      | Reached skill level 1 in Shields
  1193 | D:2      | Reached XP level 3. HP: 13/28 MP: 4/4
  2012 | D:2      | Found a blossoming altar of Fedhas.
  2292 | D:2      | Reached XP level 4. HP: 27/36 MP: 5/5
  2843 | D:3      | Found an iron altar of Okawaru.
  3364 | D:3      | Found a radiant altar of Vehumet.
  3675 | D:4      | Noticed a phantom
  3757 | D:4      | Noticed Grinder
  3761 | D:4      | Paralysed by Grinder for 6 turns
  3768 | D:4      | Paralysed by Grinder for 7 turns
  3784 | D:4      | Paralysed by Grinder for 2 turns
  3799 | D:4      | Paralysed by Grinder for 3 turns
  3860 | D:4      | Killed Grinder
  3860 | D:4      | Reached skill level 4 in Axes
  3860 | D:4      | Reached XP level 5. HP: 34/42 MP: 6/6
  3860 | D:4      | Reached XP level 6. HP: 40/49 MP: 7/7
  3949 | D:4      | Found a staircase to the Ecumenical Temple.
  3997 | Temple   | Entered the Ecumenical Temple
  4148 | D:4      | Noticed Sigmund
  4164 | D:4      | Killed Sigmund
  4164 | D:4      | Reached skill level 5 in Axes
  4164 | D:4      | Reached XP level 7. HP: 35/55 MP: 8/8
  4339 | D:4      | Reached skill level 6 in Axes
  4452 | D:4      | Found a glowing silver altar of Zin.
  4882 | D:5      | Entered Level 5 of the Dungeon
  4918 | D:5      | Reached skill level 7 in Axes
  5322 | D:5      | Reached XP level 8. HP: 31/62 MP: 9/9
  5323 | D:5      | Found a shimmering altar of Xom.
  5443 | D:5      | Reached skill level 1 in Dodging
  5574 | D:5      | Found a runed translucent gate.
  5575 | D:5      | Found a runed translucent gate.
  5576 | D:5      | Found a runed translucent gate.
  5582 | D:5      | Noticed LifeIsToil's ghost (novice DrAE)
  5817 | D:6      | Reached skill level 1 in Evocations
  6055 | D:6      | Found a basalt altar of Yredelemnul.
  6531 | D:6      | Found a stormy altar of Qazlal.
  6561 | D:6      | Found an ancient bone altar of Kikubaaqudgha.
  6670 | D:7      | Reached skill level 8 in Axes
  6783 | D:7      | Found an ancient bone altar of Kikubaaqudgha.
  6908 | D:7      | Found Fieshraf's General Store.
  7028 | D:7      | Found Goofeirha's Assorted Antiques.
  7040 | D:7      | Reached XP level 9. HP: 68/68 MP: 9/11
  8369 | D:8      | Noticed a two-headed ogre
  8370 | D:8      | Noticed a sea snake
  8370 | D:8      | a two-headed ogre changed into a sea snake
  8387 | D:8      | Killed a sea snake
  8387 | D:8      | Reached skill level 9 in Axes
  8387 | D:8      | Reached skill level 5 in Armour
  8387 | D:8      | Reached XP level 10. HP: 67/75 MP: 13/13
  8686 | D:8      | Reached skill level 5 in Evocations
  9038 | D:8      | Found an opulent altar of Gozag.
  9105 | D:8      | Became a worshipper of Gozag Ym Sagoz the Greedy
  9457 | D:9      | Noticed Prince Ribbit
  9461 | D:9      | Killed Prince Ribbit
  9543 | D:9      | Reached skill level 5 in Shields
  9555 | D:9      | Found a roughly hewn altar of Beogh.
  9559 | D:9      | Found a hide-covered altar of Uskayaw.
 10279 | D:10     | Entered Level 10 of the Dungeon
 10433 | D:9      | Reached skill level 5 in Dodging
 10776 | D:9      | Reached XP level 11. HP: 74/81 MP: 15/15
 10928 | D:9      | Found a staircase to the Lair.
 10949 | D:9      | Reached skill level 1 in Fighting
 10956 | D:9      | Found a shadowy altar of Dithmenos.
 11392 | D:10     | Bought a jewelled chain mail for 304 gold pieces
 11403 | D:10     | Identified the +5 chain mail of Rafaot {rCorr Str+4 Int+4
                  | Dex-3} (You bought it in a shop on level 10 of the Dungeon)
 11407 | D:10     | Bought a potion of lignification for 96 gold pieces
 11521 | D:10     | Reached skill level 10 in Axes
 11531 | D:10     | Noticed a two-headed ogre
 11536 | D:10     | Killed a two-headed ogre
 12105 | D:10     | Found Caneweim's Armour Boutique.
 12108 | D:10     | Bought a +0 shield for 49 gold pieces
 12266 | D:10     | Noticed an oklob plant
 12267 | D:10     | Found a stormy altar of Qazlal.
 12278 | D:10     | Killed an oklob plant
 12692 | D:7      | Bought a wand of polymorph (9) for 143 gold pieces
 12886 | D:11     | Noticed a four-headed hydra
 12899 | D:11     | Killed a four-headed hydra
 12949 | D:11     | Noticed an unseen horror
 12959 | D:11     | Killed an unseen horror
 13154 | D:11     | Found a runed translucent door.
 13161 | D:11     | Noticed a spriggan rider
 13163 | D:11     | Noticed Guistof's ghost (journeyman HOFi)
 13163 | D:11     | Identified the +8 trident of Expedience {elec, Dex+2}
 13163 | D:11     | Identified the +11 short sword of the Tiger {elec, +Inv
                  | rC+}
 13370 | D:11     | Noticed a seven-headed hydra
 13374 | D:11     | Killed a seven-headed hydra
 13911 | D:12     | Noticed a manticore
 13927 | D:12     | Killed a manticore
 13927 | D:12     | Reached XP level 12. HP: 78/99 MP: 17/17
 14297 | D:12     | Found a staircase to the Orcish Mines.
 14844 | D:12     | Noticed Jaiteiro's ghost (journeyman MiFi)
 14844 | D:12     | Noticed Tinen's ghost (journeyman TrMo)
 14845 | D:12     | Found a runed translucent gate.
 14845 | D:12     | Found a runed translucent gate.
 14845 | D:12     | Found a runed translucent gate.
 15510 | Orc:1    | Entered Level 1 of the Orcish Mines
 15682 | Orc:1    | Found a transporter.
 15684 | Orc:1    | Found a transporter.
 15685 | Orc:1    | Noticed a stone giant
 15685 | Orc:1    | Noticed an orc high priest
 15686 | Orc:1    | Noticed an orc high priest
 15686 | Orc:1    | Noticed a two-headed ogre
 15743 | Orc:1    | Found a roughly hewn altar of Beogh.
 15747 | Orc:1    | Noticed an orc high priest
 15758 | Orc:1    | Killed an orc high priest
 15878 | Orc:2    | Entered Level 2 of the Orcish Mines
 15982 | Orc:2    | Bought a wand of acid (5) for 232 gold pieces
 15982 | Orc:2    | Bought 2 viscous white potions for 52 gold pieces
 15982 | Orc:2    | Bought a scroll labeled JOXES OPSIF for 29 gold pieces
 16007 | Orc:2    | Bought a bubbling yellow potion for 26 gold pieces
 16044 | Orc:2    | Noticed Maurice
 16065 | Orc:2    | Killed Maurice
 16093 | Orc:2    | Reached skill level 5 in Fighting
 16100 | Orc:2    | Reached skill level 11 in Axes
 16322 | Orc:2    | Found Jyddoesk's Jewellery Boutique.
 16810 | Orc:2    | Noticed an orc high priest
 16819 | Orc:2    | Killed an orc high priest
 17305 | Orc:2    | Gained mutation: You can use your snake-like lower body to
                  | constrict enemies. [Naga growth]
 17305 | Orc:2    | Reached XP level 13. HP: 103/110 MP: 17/19
 17505 | Orc:2    | Found a runed translucent gate.
 17505 | Orc:2    | Found a runed translucent gate.
 17505 | Orc:2    | Found a runed translucent gate.
 17506 | Orc:2    | Found an opulent altar of Gozag.
 17507 | Orc:2    | Noticed squigot's ghost (journeyman MiBe)
 17703 | Orc:2    | Found a staircase to the Elven Halls.
 17895 | Orc:2    | Found Zaisi's Distillery.
 18026 | Orc:2    | Bought a potion of might for 60 gold pieces
 18028 | Orc:2    | Bought an uncursed ring of protection from fire for 375
                  | gold pieces
 18030 | Orc:2    | Found Keez's Weapon Emporium.
 18032 | Orc:2    | Found Qiar's General Store.
 18044 | Orc:2    | Bought a scroll of identify for 30 gold pieces
 18170 | Orc:1    | Found a bloodstained altar of Trog.
 18630 | D:13     | Found a runed translucent door.
 18661 | D:13     | Found a burning altar of Makhleb.
 18861 | D:13     | Noticed a vault guard
 18875 | D:13     | Killed a vault guard
 18979 | D:13     | Found a gate to the Vaults.
 19332 | D:13     | Found a roughly hewn altar of Beogh.
 19561 | D:14     | Found a sparkling altar of Nemelex Xobeh.
 19897 | D:14     | Reached XP level 14. HP: 123/123 MP: 21/21
 20126 | D:15     | Entered Level 15 of the Dungeon
 20317 | D:15     | Found Utaob's Blasphemy Boutique.
 20318 | D:15     | Found a basalt altar of Yredelemnul.
 20460 | D:15     | Reached skill level 12 in Axes
 20716 | D:15     | Found a radiant altar of Vehumet.
 21655 | D:15     | Paralysed by a floating eye for 3 turns
 21661 | D:15     | Paralysed by a floating eye for 2 turns
 22050 | D:15     | Reached skill level 10 in Evocations
 22471 | D:15     | Bought a scroll of teleportation for 36 gold pieces
 22471 | D:15     | Bought a scroll of teleportation for 36 gold pieces
 22471 | D:15     | Bought 3 scrolls of magic mapping for 126 gold pieces
 22471 | D:15     | Bought a scroll of blinking for 90 gold pieces
 22471 | D:15     | Bought a scroll of identify for 24 gold pieces
 22674 | D:15     | Found a staircase to the Depths.
 23052 | Lair:1   | Entered Level 1 of the Lair of Beasts
 23730 | Lair:2   | Found a staircase to the Shoals.
 24946 | Lair:4   | Found a hole to the Spider Nest.
 25389 | Lair:4   | Reached XP level 15. HP: 134/134 MP: 22/22
 25763 | Lair:5   | Noticed Urug
 25778 | Lair:5   | Killed Urug
 25889 | Lair:6   | Entered Level 6 of the Lair of Beasts
 26017 | Lair:6   | Found a dark tunnel.
 26023 | Volcano  | Entered a volcano
 26441 | Volcano  | Found a bloodstained altar of Trog.
 26580 | Volcano  | Found a burning altar of Makhleb.
 26837 | Lair:6   | Found a staircase to the Slime Pits.
 26899 | Lair:6   | Reached skill level 13 in Axes
 27868 | Lair:6   | Reached skill level 10 in Armour
 28081 | Lair:6   | Identified 4 scrolls of acquirement
 28095 | Lair:6   | Bought a scroll of enchant weapon for 120 gold pieces
 28095 | Lair:6   | Bought a scroll of fear for 56 gold pieces
 28095 | Lair:6   | Bought a scroll of teleportation for 48 gold pieces
 28095 | Lair:6   | Bought a scroll of teleportation for 48 gold pieces
 28095 | Lair:6   | Bought a scroll of teleportation for 48 gold pieces
 28095 | Lair:6   | Bought a scroll of teleportation for 48 gold pieces
 28095 | Lair:6   | Bought a scroll of enchant armour for 120 gold pieces
 28275 | Lair:6   | Gained mutation: You occasionally shout uncontrollably at
                  | your foes. [potion of mutation]
 28275 | Lair:6   | Gained mutation: Your movements are slightly less
                  | encumbered by armour. (ER -2) [potion of mutation]
 28283 | Lair:6   | Bought a wand of acid (6) for 200 gold pieces
 28283 | Lair:6   | Bought a wand of paralysis (6) for 80 gold pieces
 28283 | Lair:6   | Bought a wand of disintegration (8) for 120 gold pieces
 28283 | Lair:6   | Bought a wand of polymorph (13) for 150 gold pieces
 28312 | Lair:6   | Got a pitted battleaxe
 28314 | Lair:6   | Identified the +4 battleaxe "Tauvoskacu" {drain, Str+5}
                  | (You found it on level 6 of the Lair of Beasts)
 28697 | Lair:6   | Bought a +0 cloak of invisibility for 115 gold pieces
 28697 | Lair:6   | Bought a wand of digging (4) for 160 gold pieces
 28697 | Lair:6   | Bought a potion of agility for 40 gold pieces
 28697 | Lair:6   | Bought a box of beasts for 200 gold pieces
 28697 | Lair:6   | Bought a ration for 50 gold pieces
 29502 | Spider:1 | Entered Level 1 of the Spider Nest
 30100 | Spider:1 | Found a large runed translucent door.
 30100 | Spider:1 | Found a large runed translucent door.
 30102 | Spider:1 | Noticed VLARC's ghost (adept VSBe)
 30226 | Spider:1 | Reached XP level 16. HP: 146/146 MP: 24/24
 30228 | Spider:1 | Reached skill level 10 in Dodging
 30397 | Spider:1 | Reached skill level 10 in Fighting
 31464 | Spider:2 | Identified Roxanne's Papyrus of the Mountains
 31464 | Spider:2 | Noticed Roxanne
 33741 | Spider:3 | Reached skill level 14 in Axes
 34493 | Spider:4 | Entered Level 4 of the Spider Nest
 35319 | Spider:4 | Reached XP level 17. HP: 151/157 MP: 24/26
 35728 | Spider:4 | Bought a +0 large shield of positive energy for 127 gold
                  | pieces
 36588 | Spider:4 | Got a gossamer rune of Zot
 36784 | Spider:2 | Killed Roxanne
 37081 | Shoals:1 | Entered Level 1 of the Shoals
 37559 | Shoals:1 | Noticed a kraken
 38095 | Shoals:1 | Killed a kraken
 39782 | Shoals:4 | Entered Level 4 of the Shoals
 40203 | Shoals:4 | Noticed Ilsuiw
 40219 | Shoals:4 | Killed Ilsuiw
 40237 | Shoals:4 | Reached XP level 18. HP: 103/168 MP: 20/27
 41008 | Shoals:4 | Noticed Polyphemus
 41027 | Shoals:4 | Killed Polyphemus
 41394 | Shoals:4 | Reached skill level 10 in Shields
 41452 | Shoals:4 | Reached skill level 15 in Axes
 41921 | Shoals:4 | Got a barnacled rune of Zot
 42351 | Vaults:1 | Entered Level 1 of the Vaults
 42356 | Vaults:1 | Bought a ring of protection for 50 gold pieces
 42356 | Vaults:1 | Bought a scroll of enchant armour for 187 gold pieces
 42433 | Vaults:1 | Noticed a Hell Sentinel
 43154 | Vaults:1 | Paralysed by an ogre mage for 3 turns
 43196 | Vaults:1 | Reached XP level 19. HP: 96/177 MP: 17/29
 44708 | Vaults:2 | Found a staircase to the Crypt.
 44874 | Vaults:2 | You fall into a shaft and drop 2 floors!
 46381 | Vaults:3 | Reached XP level 20. HP: 145/188 MP: 24/30
 46417 | Vaults:3 | Reached skill level 16 in Axes
 46743 | Vaults:3 | Bought a runed helmet for 240 gold pieces
 47461 | Vaults:4 | Found Tylour's Food Shoppe.
 47795 | Vaults:4 | Found Tucsyu's Distillery.
 47814 | Vaults:4 | Found a gateway to a bazaar.
 47822 | Bazaar   | Entered a bazaar
 47822 | Bazaar   | Found Tiefod's Gadget Emporium.
 47822 | Bazaar   | Found Hiepsull's Assorted Antiques.
 47822 | Bazaar   | Found Puym's Antique Weapon Shoppe.
 47822 | Bazaar   | Found Hirphun's Antique Weapon Emporium.
 47822 | Bazaar   | Found Gimigh's Armour Shoppe.
 47835 | Bazaar   | Bought a pair of runed gloves for 195 gold pieces
 47841 | Bazaar   | Bought a wand of iceblast (11) for 210 gold pieces
 47841 | Bazaar   | Bought a wand of paralysis (7) for 126 gold pieces
 47841 | Bazaar   | Bought a wand of acid (7) for 308 gold pieces
 47841 | Bazaar   | Bought a wand of iceblast (10) for 196 gold pieces
 47841 | Bazaar   | Bought a wand of clouds (6) for 420 gold pieces
 47900 | Vaults:4 | Bought a potion of might for 52 gold pieces
 47900 | Vaults:4 | Bought a potion of heal wounds for 65 gold pieces
 48062 | Vaults:4 | Found a runed translucent gate.
 48062 | Vaults:4 | Found a runed translucent gate.
 48062 | Vaults:4 | Found a runed translucent gate.
 48063 | Vaults:4 | Noticed SpeedRobin's ghost (adept DDFi)
 48100 | Vaults:4 | Found Zaixtour's Antique Armour Boutique.
 48114 | Vaults:4 | Found Jopluc's Assorted Antiques.
 48880 | Vaults:4 | Identified the cursed +1 dire flail of Suemioli {speed,
                  | rPois}
 49027 | Vaults:4 | Reached skill level 15 in Evocations
 49254 | Vaults:5 | Entered Level 5 of the Vaults
 49370 | Vaults:5 | Gained mutation: You are clumsy. (Dex -2) [mutagenic glow]
 49608 | Vaults:5 | Reached XP level 21. HP: 145/198 MP: 32/32
 49636 | Vaults:5 | Noticed a golden dragon
 49767 | Vaults:5 | Noticed a golden dragon
 49862 | Vaults:5 | HP: 9/199 [+5 halberd of chopping (11)]
 49874 | Vaults:5 | HP: 7/199 [yaktaur captain (12)]
 50472 | Vaults:5 | Identified the amulet "Diuqaic" {RegenMP rPois}
 50606 | Vaults:5 | Noticed a golden dragon
 50611 | Vaults:5 | Killed a golden dragon
 50611 | Vaults:5 | Identified the +8 scale mail of Gravity {rN+ Regen+}
 50625 | Vaults:5 | Killed a golden dragon
 50626 | Vaults:5 | Identified the +9 whip "Muduep" {venom, rPois rC+ Int-3
                  | Dex+4}
 50627 | Vaults:5 | HP: 14/298 [deep elf high priest/divine providence (12)]
 50632 | Vaults:5 | Killed from afar by a titan

Levels and vault maps discovered:
D:1:      dpeg_arrival_concentric_ovals, layout_basic
D:2:      layout_loops_ring, serial_rivers, chequers_serial_rivers_small_b,
          chequers_serial_rivers_micro_d, chequers_serial_rivers_micro_b,
          chequers_serial_rivers_marsh, chequers_serial_rivers_room_a,
          chequers_serial_rivers_small_b, lemuel_statue_altar
D:3:      layout_loops_ring, marbit_many_paths, first_ration, okawaru_gym_becter
D:4:      layout_loops_corners, lemuel_coloured_pillars_altar,
          minmay_temple_entry_antechambers, uniq_grinder, uniq_sigmund
D:5:      layout_gridville, nicolae_overflow_hidden_temple,
          gammafunk_ghost_necromancy
D:6:      layout_basic, kennysheep_mini_moat, yredelemnul_altar_generic,
          basic_altar, kennysheep_small_square
D:7:      layout_cave_pods, old_standard_altar, serial_shops, shop_fountains,
          shop
D:8:      layout_basic, grunt_gozag_breadcrumbs, grunt_pizzeria
D:9:      layout_roguey [special_room_orc], eat_drink_and_be_merry_uskayaw,
          grunt_dithmenos_smoke, grunt_lair_entry_orc_guard_hut,
          uniq_prince_ribbit1
D:10:     wander_river, layout_long_grid, serial_shops, shop, lemuel_oklob_altar
D:11:     layout_irregular_city, gauntlet_entry_generic,
          ebering_ghost_funeral_grove
D:12:     layout_basic, erik_orc_4, gammafunk_ghost_cemetery
D:13:     layout_big_octagon, ximxim_vaults_locker_room, basic_altar,
          lightli_church_of_beogh
D:14:     layout_cave_pools, minmay_misc_feat_enclosed, basic_altar,
          eino_small_chamber_without_monster, minmay_tree_intersection
D:15:     gammafunk_enter_depths_forms, layout_grid_maze,
          minmay_misc_feat_more_columns, basic_altar, nicolae_evil_shop
Temple:   cyrus_circular_temple
Lair:1:   layout_hall_layers, grunt_megastairs_4
Lair:2:   layout_roguey, elwin_shoals_entry_rocks, chequers_serial_rivers_marsh
Lair:3:   layout_long_grid
Lair:4:   layout_loops_ring, nicolae_spider_entry_tight_spaces,
          cheibrodos_lair_reptile_den
Lair:5:   layout_hall_layers, uniq_urug
Lair:6:   due_jungle_book, layout_gridlike, minmay_slime_entry_pillars,
          nicolae_volcano_entry_s_turn, st_stairs_11, serial_bayou_shore_b
Shoals:1: layout_shoals, serial_shops, bzr_firewalk
Shoals:2: layout_shoals, abandoned_shop
Shoals:3: layout_shoals, nicolae_shoals_drake_roost
Shoals:4: shoals_end_grunt_ice, layout_shoals, shoal_ilsuiw, uniq_polyphemus
Spider:1: layout_spider_delve, ebering_ghost_disaster_area,
          guppyfry_spider_mini_1
Spider:2: layout_chambers, special_room [special_room_bee], uniq_roxanne
Spider:3: layout_spider_delve, drop_trap, nicolae_spider_shape
Spider:4: grunt_spider_rune_parallel
Orc:1:    gammafunk_beogh_shrine, layout_caves, bloody_trog
Orc:2:    st_orc_elflike, layout_diamond_mine, ebering_ghost_gozag, uniq_maurice
Vaults:1: nicolae_vaults_three_branches, hangedman_vaults_locks,
          v_alt_pattern_5, nicolae_vaults_yaktaur_gun_rack,
          hangedman_vaults_cutoff, nicolae_vaults_octagons,
          dpeg_vaults_monster_row, nicolae_vaults_little_squares_6,
          v_alt_pattern_1, vaults_dpeg_doors, layout_vaults_ring
Vaults:2: nicolae_vaults_twisting_passages, v_misc_24, v_misc_13,
          minmay_crypt_entry_simple_box, hangedman_vaults_impose, v_misc_31,
          nicolae_vaults_little_squares_1, v_misc_23, nicolae_vaults_triangles,
          ontoclasm_vaults_spin, nicolae_vaults_quadrants,
          layout_vaults_omnibox, serial_shops, shop
Vaults:3: ontoclasm_vaults_idyll, nicolae_vaults_ninety_degrees,
          vaults_standard_mumra_enter_the_diamond, serial_ice_b,
          v_alt_pattern_2, st_eye, nicolae_vaults_network_square,
          nicolae_vaults_ring_of_whatevers, hangedman_vaults_unwind,
          grunt_vaults_hallway_long, v_misc_10,
          nicolae_vaults_diagonal_hallway_9, nicolae_vaults_diagonal_hallway_7,
          v_misc_19, layout_vaults_big_cross
Vaults:4: gammafunk_vaults_ghost_spectres, nicolae_vaults_network_quinsquares
          [nicolae_vaults_network_quincunx_subvault,
          nicolae_vaults_network_quincunx_subvault,
          nicolae_vaults_network_quincunx_subvault,
          nicolae_vaults_network_quincunx_subvault], vaults_room_hallway,
          hangedman_vaults_maws, vaults_room_fancy_cross, vaults_room_fours,
          ontoclasm_vaults_shout, grunt_vaults_hallway_short,
          layout_vaults_omnigrid, serial_shops, statue_bzr, shop_fountains,
          shop_fountains, nicolae_shop_statue_plus, shop
Vaults:5: serial_shops

Skill      XL: |  1  2  3  4  5  6  7  8  9 10 11 12 13 14 15 16 17 18 19 20 21 |
---------------+----------------------------------------------------------------+-----
Armour         | 2 3 5 6 7 8 9 10 11 12 13 | 13.6
Shields        | 1 3 4 5 6 7 8 9 10 11 12 | 12.2
Axes           | 4 5 7 8 9 10 11 12 13 14 15 16 | 16.8
Dodging        | 2 4 5 6 7 8 9 10 11 12 13 | 13.4
Evocations     | 2 4 6 7 8 9 10 11 12 13 14 15 | 15.5
Fighting       | 3 5 7 8 9 11 12 13 14 | 14.6
Bows           | |  1.0
Stealth        | |  3.0
Spellcasting   | |  1.0
Ice Magic      | |  2.0
Earth Magic    | |  2.0

Action                   |  1- 3 |  4- 6 |  7- 9 | 10-12 | 13-15 | 16-18 | 19-21 || total
-------------------------+-------+-------+-------+-------+-------+-------+-------++-------
Melee: Whip              |    92 |    27 |       |       |       |       |       ||   119
       Unarmed           |     3 |       |       |       |       |       |       ||     3
       War axe           |       |    83 |   448 |   842 |   174 |       |       ||  1547
       Broad axe         |       |       |       |       |  1012 |  1336 |  1081 ||  3429
       Constrict         |       |       |       |       |   211 |   252 |   156 ||   619
Invok: Call Merchant     |       |       |       |     2 |     4 |     2 |     1 ||     9
 Abil: Spit Poison       |    16 |     9 |     9 |     6 |       |       |       ||    40
       Evoke Invisibilit |       |       |       |       |       |       |    13 ||    13
Evoke: Wand              |       |       |     4 |    52 |    42 |    48 |    28 ||   174
  Use: Scroll            |     5 |     8 |     8 |    17 |    20 |    16 |    10 ||    84
       Potion            |       |     3 |       |     2 |     1 |     2 |    15 ||    23
 Stab: Sleeping          |     2 |       |       |       |       |       |       ||     2
       Distracted        |       |       |       |     4 |     2 |     8 |     7 ||    21
       Petrified         |       |       |       |       |     9 |       |       ||     9
       Petrifying        |       |       |       |       |     1 |       |       ||     1
       Invisible         |       |       |       |       |       |       |    21 ||    21
  Eat: Chunk             |     2 |     1 |    12 |     2 |       |       |       ||    17
       Ration            |       |     2 |       |     7 |    10 |    10 |     8 ||    37
Armor: Robe              |    13 |       |       |       |       |       |       ||    13
       Scale mail        |    27 |    57 |   189 |   147 |       |       |       ||   420
       Skin              |       |    29 |       |       |       |       |       ||    29
       Chain mail        |       |       |       |   286 |   621 |   731 |   340 ||  1978
Dodge: Dodged            |    28 |    46 |   170 |   297 |   369 |   534 |   162 ||  1606
Block: Buckler           |    13 |    12 |   174 |   197 |       |       |       ||   396
       Reflection        |       |       |     3 |    42 |    49 |    81 |    75 ||   250
       Shield            |       |       |       |   367 |   999 |   725 |       ||  2091
       Large shield      |       |       |       |       |       |   932 |  1052 ||  1984
